[Event "33rd Croatian Junior League 2024"]
[Site "Novalja"]
[Date "2024.04.02"]
[Round "2.7"]
[White "Car, Filip"]
[Black "Sagovac, Kristijan"]
[Result "1/2-1/2"]
[ECO "E08"]
[WhiteElo "2106"]
[BlackElo "2030"]
[Annotator "RC"]
[PlyCount "160"]
[EventDate "2024.03.28"]
[EventType "team-tourn"]
[EventCountry "CRO"]
[SourceTitle "playchess.com"]
[Source "ChessBase"]
[SourceQuality "1"]
[TimeControl "5400+30"]

1. d4 Nf6 2. c4 e6 3. g3 Bb4+ 4. Bd2 Be7 5. Bg2 d5 6. Nf3 O-O 7. O-O c6 8. Qc2 Nbd7 9. Bf4 b6 10. cxd5 cxd5 11. Rc1 Ba6 12. Nc3 b5 13. a4 b4 14. Nb5 Bxb5 15. axb5 Qb6 16. Qa4 Rfc8 17. Rc6 Qd8 18. Rac1 Nb6 19. Qa6 Ne8 20. Ne5 Nd6 21. b3 Bf6 22. Rxc8 Nbxc8 23. Nc6 Qb6 24. e3 Qxb5 25. Qxb5 Nxb5 26. Bf1 Nbd6 27. Nxb4 g5 28. Bxd6 Nxd6 29. Rc6 Ne4 30. Na6 Nd2 31. b4 Nxf1 32. Kxf1 Bd8 33. h3 Kf8 34. Ke2 Ke7 35. Nc5 Rb8 36. Ra6 Bb6 37. Na4 h6 38. Kd3 Rb7 39. Nxb6 axb6 40. b5 Kf6 41. Ra8 Kf5 42. Ke2 Kg6 43. Kf3 f5 44. Rg8+ Kf7 45. Rh8 Kg7 46. Rc8 Kf6 47. Rc6 Rb8 48. g4 Rb7 49. Kg3 Rb8 50. Rd6 Ke7 51. Rc6 Kf6 52. Rc7 Kg6 53. Rc6 Kf6 54. h4 gxh4+ 55. Kxh4 Rb7 56. gxf5 Kxf5 57. Kh5 e5 58. dxe5 Kxe5 59. Kxh6 Ke4 60. Rf6 Kd3 61. Rf4 Rd7 62. Kg6 Rc7 63. Rd4+ Ke2 64. Rxd5 Kxf2 65. e4 Ke3 66. Re5 Kd4 67. Re6 Rc5 68. Kf6 Rxb5 69. e5 Rb1 70. Rd6+ Kc5 71. Rd2 Re1 72. e6 b5 73. e7 b4 74. Rc2+ Kd4 75. Rc6 Rxe7 76. Kxe7 b3 77. Kd6 b2 78. Rb6 Kc3 79. Kc5 Kc2 80. Rxb2+ Kxb2 1/2-1/2

[Event "33rd Croatian Junior League 2024"]
[Site "Novalja"]
[Date "2024.04.02"]
[Round "2.8"]
[White "Martic, Filip"]
[Black "Mandaric, Fran"]
[Result "1/2-1/2"]
[ECO "E11"]
[WhiteElo "1897"]
[BlackElo "1933"]
[Annotator "RC"]
[PlyCount "83"]
[EventDate "2024.03.28"]
[EventType "team-tourn"]
[EventCountry "CRO"]
[SourceTitle "playchess.com"]
[Source "ChessBase"]
[SourceQuality "1"]
[TimeControl "5400+30"]

1. d4 Nf6 2. Nf3 e6 3. c4 Bb4+ 4. Bd2 Qe7 5. g3 O-O 6. Bg2 a5 7. O-O Bxd2 8. Nbxd2 d6 9. Qc2 Nbd7 10. e4 e5 11. d5 Nc5 12. Ne1 b6 13. Nd3 Nxd3 14. Qxd3 Nd7 15. Rae1 Nc5 16. Qc3 Bd7 17. Nb3 Na6 18. f4 f6 19. a3 Rfb8 20. f5 a4 21. Nd2 Nc5 22. Rf2 b5 23. Bf1 bxc4 24. Bxc4 Bb5 25. Re3 Bxc4 26. Nxc4 Rb3 27. Qd2 Rxe3 28. Qxe3 Qd7 29. Rc2 Qb5 30. Rc3 Rb8 31. g4 Qa6 32. Kg2 Kf7 33. Kf3 Nb3 34. h4 Nd4+ 35. Kf2 Rb5 36. g5 Rc5 37. Nd2 Nc2 38. g6+ Kg8 39. gxh7+ Kxh7 40. Qf3 Rxc3 41. Qh5+ Kg8 42. Qe8+ 1/2-1/2

[Event "33rd Croatian Junior League 2024"]
[Site "Novalja"]
[Date "2024.04.02"]
[Round "2.9"]
[White "Grgantov, Marin"]
[Black "Sundac, Ivano"]
[Result "1-0"]
[ECO "B28"]
[WhiteElo "2142"]
[BlackElo "2066"]
[Annotator "RC"]
[PlyCount "118"]
[EventDate "2024.03.28"]
[EventType "team-tourn"]
[EventCountry "CRO"]
[SourceTitle "playchess.com"]
[Source "ChessBase"]
[SourceQuality "1"]
[TimeControl "5400+30"]

1. e4 c5 2. Nf3 a6 3. c3 d5 4. exd5 Qxd5 5. Na3 Bg4 6. Be2 Nc6 7. O-O Nf6 8. h3 Bh5 9. g4 Bg6 10. Nc4 Rd8 11. d4 e6 12. Bf4 Qe4 13. Bc7 Rd7 14. Bg3 cxd4 15. Nfd2 Qc2 16. Qxc2 Bxc2 17. Nb6 Rd8 18. Bc7 Bc5 19. Bxd8 Kxd8 20. Rfc1 dxc3 21. Rxc2 Nd4 22. Rd1 Nxc2 23. Na4 Nd4 24. Nxc3 Nxe2+ 25. Nxe2 Ke7 26. Nb3 Bb6 27. Nc3 Rc8 28. Kg2 Rc4 29. f3 Bc7 30. Rd2 Be5 31. Ne2 Nd5 32. Kf2 b6 33. Nbd4 Nf4 34. h4 b5 35. Nb3 Nxe2 36. Rxe2 Bc7 37. Rd2 h5 38. gxh5 Rxh4 39. Kf1 Rxh5 40. Nd4 Rh1+ 41. Ke2 Rh2+ 42. Kd3 Rxd2+ 43. Kxd2 Kd7 44. b3 Bb6 45. Ne2 Kd6 46. Kd3 Ke5 47. Nc3 f5 48. a4 bxa4 49. Nxa4 Ba7 50. Nb2 Kf4 51. Ke2 g5 52. Nd3+ Kg3 53. b4 g4 54. fxg4 fxg4 55. Nc5 e5 56. Nxa6 Kh3 57. Nc7 g3 58. Ne6 g2 59. Nf4+ Kg3 1-0

[Event "33rd Croatian Junior League 2024"]
[Site "Novalja"]
[Date "2024.04.02"]
[Round "2.10"]
[White "Tomljanovic, Ivano"]
[Black "Begic, Domagoj"]
[Result "1/2-1/2"]
[ECO "B07"]
[WhiteElo "2013"]
[BlackElo "2069"]
[Annotator "RC"]
[PlyCount "78"]
[EventDate "2024.03.28"]
[EventType "team-tourn"]
[EventCountry "CRO"]
[SourceTitle "playchess.com"]
[Source "ChessBase"]
[SourceQuality "1"]
[TimeControl "5400+30"]

1. d4 d6 2. e4 Nf6 3. Nc3 c6 4. Nf3 Bg4 5. Be3 Nbd7 6. Be2 e6 7. O-O Be7 8. h3 Bxf3 9. Bxf3 h6 10. Ne2 Nh7 11. Ng3 Bg5 12. Qd2 O-O 13. Be2 Bxe3 14. Qxe3 d5 15. Bd3 dxe4 16. Nxe4 Nhf6 17. c3 Nxe4 18. Bxe4 Re8 19. Rad1 Nf6 20. Bb1 Qb6 21. Qe2 Rad8 22. Rd3 c5 23. Rfd1 cxd4 24. Rxd4 Rxd4 25. Rxd4 Rd8 26. Rxd8+ Qxd8 27. Bc2 b6 28. Qd3 Qxd3 29. Bxd3 Kf8 30. Kf1 Ke7 31. Ke2 Kd6 32. g3 Nd7 33. Ke3 f5 34. f4 Nf6 35. Kf3 Nd7 36. Ke3 Nc5 37. Bc2 g6 38. g4 Nd7 39. Kf3 Nc5 1/2-1/2

[Event "33rd Croatian Junior League 2024"]
[Site "Novalja"]
[Date "2024.04.02"]
[Round "2.11"]
[White "Poljak, Stipe"]
[Black "Ivancic, Ivan"]
[Result "1/2-1/2"]
[ECO "D48"]
[WhiteElo "1979"]
[BlackElo "1995"]
[Annotator "RC"]
[PlyCount "49"]
[EventDate "2024.03.28"]
[EventType "team-tourn"]
[EventCountry "CRO"]
[SourceTitle "playchess.com"]
[Source "ChessBase"]
[SourceQuality "1"]
[TimeControl "5400+30"]

1. d4 d5 2. c4 e6 3. Nc3 c6 4. Nf3 Nf6 5. e3 Nbd7 6. Bd3 dxc4 7. Bxc4 b5 8. Bd3 a6 9. O-O Bb7 10. Qe2 c5 11. dxc5 Bxc5 12. Rd1 O-O 13. Bc2 Qb6 14. b3 Rac8 15. Bb2 Rfd8 16. Rac1 h6 17. h3 Qa5 18. Nd2 Ba3 19. Bxa3 Qxa3 20. Ndb1 Qe7 21. Rd2 Nb6 22. Rxd8+ Rxd8 23. Rd1 Rd7 24. Rxd7 Qxd7 25. f3 1/2-1/2

[Event "33rd Croatian Junior League 2024"]
[Site "Novalja"]
[Date "2024.04.02"]
[Round "2.12"]
[White "Kresic, Vid"]
[Black "Pehar, Borna"]
[Result "0-1"]
[ECO "E90"]
[WhiteElo "1844"]
[BlackElo "1988"]
[Annotator "RC"]
[PlyCount "114"]
[EventDate "2024.03.28"]
[EventType "team-tourn"]
[EventCountry "CRO"]
[SourceTitle "playchess.com"]
[Source "ChessBase"]
[SourceQuality "1"]
[TimeControl "5400+30"]

1. d4 Nf6 2. c4 g6 3. Nc3 Bg7 4. e4 d6 5. Nf3 Bg4 6. Be2 Bxf3 7. Bxf3 e5 8. dxe5 dxe5 9. Qxd8+ Kxd8 10. Be3 c6 11. O-O Nbd7 12. b4 Kc7 13. a4 Nf8 14. Rad1 Ne6 15. Ne2 h5 16. h4 Bh6 17. Bxh6 Rxh6 18. g3 Rhh8 19. Bg2 Rhd8 20. f3 a5 21. b5 Nc5 22. Kf2 Nd3+ 23. Ke3 Nb2 24. b6+ Kxb6 25. Rxd8 Rxd8 26. Rb1 Rd3+ 27. Kf2 Rb3 28. Kg1 Rb4 29. c5+ Kxc5 30. Nc1 Kd4 31. Na2 Rb6 32. Nc1 Nxa4 33. Rxb6 Nxb6 34. Nb3+ Kc3 35. Nxa5 c5 36. Nxb7 c4 37. Bf1 Nfd7 38. Nd6 f6 39. g4 Kb4 40. Kf2 c3 41. Ke1 Kb3 42. Kd1 Kb2 43. Bd3 Nc5 44. Bc2 Ne6 45. Nb5 Nc4 46. Nxc3 Kxc3 47. Bb1 hxg4 48. fxg4 Nf4 49. Ba2 Ne3+ 50. Ke1 Nxg4 51. Kf1 Kd4 52. Kg1 Kxe4 53. Kh1 Kf3 54. Bc4 Kf2 55. Be6 Nxe6 56. h5 Nf4 57. hxg6 Nh5 0-1

[Event "33rd Croatian Junior League 2024"]
[Site "Novalja"]
[Date "2024.04.03"]
[Round "3.1"]
[White "Novosel, Lovro"]
[Black "Kovac, Petar"]
[Result "0-1"]
[ECO "D02"]
[WhiteElo "2348"]
[BlackElo "2173"]
[Annotator "RC"]
[PlyCount "88"]
[EventDate "2024.03.28"]
[EventType "team-tourn"]
[EventCountry "CRO"]
[SourceTitle "playchess.com"]
[Source "ChessBase"]
[SourceQuality "1"]
[TimeControl "5400+30"]

1. d4 Nf6 2. Nf3 d5 3. Bf4 c5 4. e3 e6 5. Nbd2 Bd6 6. Ne5 Qc7 7. c3 Nbd7 8. Ndf3 c4 9. Be2 O-O 10. O-O Ne4 11. Qc2 Nb6 12. Nd2 Nxd2 13. Qxd2 f6 14. Nf3 Bd7 15. Rfe1 Be8 16. Bxd6 Qxd6 17. Bd1 Bg6 18. h3 Be4 19. Nh2 e5 20. Bc2 Bxc2 21. Qxc2 e4 22. Nf1 f5 23. a4 a5 24. Reb1 Rf7 25. Ra2 Rc8 26. g3 g5 27. Qd1 Qg6 28. b4 cxb3 29. Rxb3 f4 30. Qg4 Rc6 31. exf4 gxf4 32. Qxg6+ Rxg6 33. Rab2 Nc4 34. Re2 fxg3 35. fxg3 Rb6 36. Rxb6 Nxb6 37. Ne3 Rf3 38. Kg2 Nxa4 39. Nxd5 Nxc3 40. Nxc3 Rxc3 41. Rb2 a4 42. Rxb7 Rc2+ 43. Kf1 a3 44. Rb8+ Kf7 0-1

[Event "33rd Croatian Junior League 2024"]
[Site "Novalja"]
[Date "2024.04.03"]
[Round "3.2"]
[White "Konjevic, Nikola"]
[Black "Karlusic, Luka"]
[Result "1/2-1/2"]
[ECO "B12"]
[WhiteElo "2056"]
[BlackElo "2232"]
[Annotator "RC"]
[PlyCount "48"]
[EventDate "2024.03.28"]
[EventType "team-tourn"]
[EventCountry "CRO"]
[SourceTitle "playchess.com"]
[Source "ChessBase"]
[SourceQuality "1"]
[TimeControl "5400+30"]

1. e4 c6 2. d4 d5 3. e5 c5 4. dxc5 Nc6 5. f4 Nh6 6. Nf3 Bg4 7. Be3 d4 8. Bf2 e6 9. Bd3 Bxc5 10. Nbd2 O-O 11. O-O Bb6 12. h3 Bf5 13. Ne4 Nb4 14. Nd6 Bxd3 15. cxd3 Nf5 16. Nxf5 exf5 17. Qd2 Nc6 18. b4 Qd5 19. Rab1 a5 20. bxa5 Bxa5 21. Qb2 Bc3 22. Qxb7 Rfb8 23. Qc7 Rc8 24. Qd6 Qxd6 1/2-1/2

[Event "33rd Croatian Junior League 2024"]
[Site "Novalja"]
[Date "2024.04.03"]
[Round "3.3"]
[White "Mazuran, Gabrijel"]
[Black "Car, Filip"]
[Result "1-0"]
[ECO "E71"]
[WhiteElo "2054"]
[BlackElo "2106"]
[Annotator "RC"]
[PlyCount "103"]
[EventDate "2024.03.28"]
[EventType "team-tourn"]
[EventCountry "CRO"]
[SourceTitle "playchess.com"]
[Source "ChessBase"]
[SourceQuality "1"]
[TimeControl "5400+30"]

1. d4 Nf6 2. c4 g6 3. Nc3 Bg7 4. e4 d6 5. h3 O-O 6. Be3 e5 7. d5 Na6 8. g4 Nc5 9. f3 a5 10. Nge2 c6 11. Ng3 cxd5 12. cxd5 Bd7 13. h4 h5 14. gxh5 Nxh5 15. Nxh5 gxh5 16. Qd2 Rc8 17. Qg2 f5 18. Qg5 Qb6 19. Rh2 fxe4 20. fxe4 Rf3 21. Rc2 Rcf8 22. Be2 Rh3 23. O-O-O Rxe3 24. Rg1 Bg4 25. Bxg4 Rxc3 26. Rxc3 Nd3+ 27. Kc2 hxg4 28. Qxg4 Qf2+ 29. Kxd3 Rf3+ 30. Kc4 b5+ 31. Kxb5 Qxb2+ 32. Rb3 Rxb3+ 33. axb3 Qxb3+ 34. Kc6 Qc4+ 35. Kxd6 Qa6+ 36. Kc5 Qa7+ 37. Kc4 Qd4+ 38. Kb5 Qb4+ 39. Ka6 Qc4+ 40. Kxa5 Qa2+ 41. Kb4 Qb2+ 42. Kc5 Qc3+ 43. Kd6 Qb4+ 44. Ke6 Qb6+ 45. Ke7 Qf6+ 46. Kd7 Qf7+ 47. Kc6 Qe8+ 48. Qd7 Qa8+ 49. Qb7 Qa4+ 50. Kc7 Qa5+ 51. Kb8 Qd8+ 52. Qc8 1-0

[Event "33rd Croatian Junior League 2024"]
[Site "Novalja"]
[Date "2024.04.03"]
[Round "3.4"]
[White "Mandaric, Fran"]
[Black "Simunkovic, Bartol"]
[Result "0-1"]
[ECO "B52"]
[WhiteElo "1933"]
[BlackElo "1885"]
[Annotator "NA RC"]
[PlyCount "102"]
[EventDate "2024.03.28"]
[EventType "team-tourn"]
[EventCountry "CRO"]
[SourceTitle "playchess.com"]
[Source "ChessBase"]
[SourceQuality "1"]
[TimeControl "5400+30"]

1. e4 c5 2. Nf3 d6 3. Bb5+ Bd7 4. Bxd7+ Qxd7 5. c4 Nc6 6. O-O g6 7. Nc3 Bg7 8. d3 Nf6 9. Ne1 Nd4 10. Nc2 Nxc2 11. Qxc2 O-O 12. f4 e6 13. h3 Ne8 14. Be3 Nc7 15. Rae1 f5 16. Qf2 Qc6 17. Qf3 b6 18. g4 Rad8 19. Bf2 e5 20. Bh4 Rd7 21. gxf5 gxf5 22. fxe5 fxe4 23. Qg2 Rxf1+ 24. Rxf1 dxe5 25. Nxe4 Qg6 26. Qxg6 hxg6 27. Nf6+ Bxf6 28. Rxf6 Kg7 29. Rc6 Kf7 30. Bg3 Ne6 31. Bxe5 Rxd3 32. Rd6 Re3 33. Bc3 Ke7 34. Rd2 Rxh3 35. Re2 g5 36. Rh2 Rxh2 37. Kxh2 Nd4 38. Kh3 Kf6 39. Kg4 Kg6 40. Bd2 Nc6 41. Bc3 Nb8 42. Be5 Nd7 43. Bc7 Nf6+ 44. Kf3 Kf5 45. Bb8 a6 46. Bc7 Nd7 47. b3 b5 48. cxb5 axb5 49. a4 c4 50. bxc4 bxa4 51. Bd6 Ne5+ 0-1

[Event "33rd Croatian Junior League 2024"]
[Site "Novalja"]
[Date "2024.04.03"]
[Round "3.5"]
[White "Vucenovic, Damian"]
[Black "Grgantov, Marin"]
[Result "1-0"]
[ECO "B31"]
[WhiteElo "2145"]
[BlackElo "2142"]
[Annotator "RC"]
[PlyCount "79"]
[EventDate "2024.03.28"]
[EventType "team-tourn"]
[EventCountry "CRO"]
[SourceTitle "playchess.com"]
[Source "ChessBase"]
[SourceQuality "1"]
[TimeControl "5400+30"]

1. e4 c5 2. Nf3 Nc6 3. Bb5 g6 4. c3 Nf6 5. Qe2 Bg7 6. d4 cxd4 7. cxd4 a6 8. Ba4 b5 9. Bb3 Na5 10. Bc2 Bb7 11. Nbd2 O-O 12. O-O Qb6 13. a3 Rfc8 14. Bd3 Nh5 15. Qe3 Nc4 16. Nxc4 bxc4 17. Be2 Qc6 18. Nd2 c3 19. bxc3 Qxc3 20. Rb1 Ra7 21. Rxb7 Rxb7 22. Bxa6 Rbc7 23. Bxc8 Rxc8 24. e5 Qxe3 25. fxe3 Bh6 26. Kf2 Ng7 27. g4 Rc3 28. Ne4 Rc2+ 29. Bd2 Ne6 30. Ke2 Ra2 31. d5 Nf8 32. d6 exd6 33. exd6 Bg7 34. Rc1 Rxa3 35. g5 Ra6 36. Rc8 Be5 37. Kf3 Kg7 38. Rd8 Ra7 39. Nf6 Ne6 40. Rg8# 1-0

[Event "33rd Croatian Junior League 2024"]
[Site "Novalja"]
[Date "2024.04.03"]
[Round "3.6"]
[White "Begic, Domagoj"]
[Black "Dumancic, Simun"]
[Result "1-0"]
[ECO "B20"]
[WhiteElo "2069"]
[BlackElo "2027"]
[Annotator "NA RC"]
[PlyCount "53"]
[EventDate "2024.03.28"]
[EventType "team-tourn"]
[EventCountry "CRO"]
[SourceTitle "playchess.com"]
[Source "ChessBase"]
[SourceQuality "1"]
[TimeControl "5400+30"]

1. e4 c5 2. b3 d5 3. exd5 Qxd5 4. Nc3 Qd8 5. Bb2 Nf6 6. Nf3 Nc6 7. Bb5 Bd7 8. Qe2 e6 9. Bxc6 Bxc6 10. Ne5 Qc7 11. O-O-O a6 12. f4 Bd6 13. Rhf1 $11 O-O 14. g4 Nd5 15. Nxd5 Bxd5 16. c4 Bc6 17. g5 Bxe5 18. Bxe5 Qe7 19. Bc3 Qc7 20. Qe3 b6 21. h4 Bg2 22. Rg1 Qc6 23. Rde1 Rae8 24. Qe5 f6 25. gxf6 Rxf6 26. h5 h6 27. Re3 1-0

[Event "33rd Croatian Junior League 2024"]
[Site "Novalja"]
[Date "2024.04.03"]
[Round "3.7"]
[White "Sagovac, Kristijan"]
[Black "Poljak, Stipe"]
[Result "1-0"]
[ECO "B92"]
[WhiteElo "2030"]
[BlackElo "1979"]
[Annotator "NA RC"]
[PlyCount "81"]
[EventDate "2024.03.28"]
[EventType "team-tourn"]
[EventCountry "CRO"]
[SourceTitle "playchess.com"]
[Source "ChessBase"]
[SourceQuality "1"]
[TimeControl "5400+30"]

1. e4 c5 2. Nf3 d6 3. d4 cxd4 4. Nxd4 Nf6 5. Nc3 a6 6. Be2 e5 7. Nb3 Be7 8. O-O O-O 9. Be3 Be6 10. Qd3 Nbd7 11. Rfd1 Rc8 12. a4 Qc7 13. a5 Rfd8 14. Bf3 $11 Bf8 15. g3 Bc4 16. Qd2 Be6 17. Qe1 g6 18. Bg2 Bg7 19. h3 Qb8 20. Nc1 Nc5 21. Ra3 Bd7 22. b4 Ne6 23. Bb6 Re8 24. Qd2 Nd4 25. Kh2 Rc4 26. Bxd4 Rxd4 27. Nd3 Bc6 28. f3 d5 29. Ne2 dxe4 30. Nxd4 exd4 31. fxe4 Nxe4 32. Qf4 Qd8 33. Bxe4 Rxe4 34. Qf2 Re3 35. Raa1 Qd5 36. Rf1 Bf8 37. Nf4 Qe4 38. Nh5 Re2 39. Nf6+ Kg7 40. Nxe4 Rxf2+ 41. Nxf2 1-0

[Event "33rd Croatian Junior League 2024"]
[Site "Novalja"]
[Date "2024.04.03"]
[Round "3.8"]
[White "Pehar, Borna"]
[Black "Martic, Filip"]
[Result "*"]
[ECO "B36"]
[WhiteElo "1988"]
[BlackElo "1897"]
[Annotator "NA RC"]
[PlyCount "35"]
[EventDate "2024.03.28"]
[EventType "team-tourn"]
[EventCountry "CRO"]
[SourceTitle "playchess.com"]
[Source "ChessBase"]
[SourceQuality "1"]
[TimeControl "5400+30"]

1. e4 c5 2. Nf3 g6 3. d4 cxd4 4. Nxd4 Nc6 5. c4 Nf6 6. Nc3 d6 7. Be2 Nxd4 8. Qxd4 Bg7 9. Be3 O-O 10. Qd2 a5 11. Rd1 Bd7 $14 12. O-O Bc6 13. f3 Nd7 14. b3 Nc5 15. Bd4 Qb6 16. Kh1 Rfc8 17. Be5 Bf6 18. Bxf6 *

[Event "33rd Croatian Junior League 2024"]
[Site "Novalja"]
[Date "2024.04.03"]
[Round "3.8"]
[White "Pehar, Borna"]
[Black "Martic, Filip"]
[Result "1-0"]
[ECO "B36"]
[WhiteElo "1988"]
[BlackElo "1897"]
[Annotator "COMBH"]
[PlyCount "251"]
[EventDate "2024.03.28"]
[EventType "team-tourn"]
[EventCountry "CRO"]
[SourceTitle "playchess.com"]
[Source "ChessBase"]
[SourceQuality "1"]
[TimeControl "5400+30"]

1. e4 c5 2. Nf3 g6 3. d4 cxd4 4. Nxd4 Nc6 5. c4 Nf6 6. Nc3 d6 7. Be2 Nxd4 8. Qxd4 Bg7 9. Be3 O-O 10. Qd2 a5 11. Rd1 Bd7 12. O-O Bc6 13. f3 Nd7 14. b3 Nc5 15. Bd4 Qb6 16. Kh1 Rfc8 17. Bxg7 Kxg7 18. Qd4+ Kg8 19. h4 Nd7 20. f4 Qxd4 21. Rxd4 Kg7 22. Bg4 Rd8 23. Rfd1 h5 24. Bxd7 Rxd7 25. Kg1 Rad8 26. g3 e6 27. Kf2 Kf8 28. Ke3 Ke7 29. a3 b6 30. e5 f6 31. exf6+ Kxf6 32. b4 Ke7 33. b5 Bg2 34. Na4 Rb7 35. R1d2 Bh3 36. Nc3 Bf5 37. Ke2 Bg4+ 38. Ke1 Rbd7 39. Na4 Rb7 40. R2d3 Bf5 41. Rd2 Bg4 42. R2d3 Bf5 43. Rc3 Rdd7 44. Kd2 Bg4 45. Re3 Bf5 46. Kc3 Rdc7 47. Rd2 Rc8 48. Kb3 Rd8 49. Nc3 Kf6 50. Ne2 Rbd7 51. Nc3 d5 52. cxd5 exd5 53. Rd4 Rd6 54. Re5 Be6 55. Kc2 Bf5+ 56. Kd2 Be6 57. Ke3 R8d7 58. Kd3 Bf5+ 59. Ke3 Be6 60. Kd2 Rd8 61. Re1 Bg4 62. Kc1 Rc8 63. Kb2 Rcd8 64. Re3 R6d7 65. Red3 Be6 66. Rd2 Kf7 67. Nd1 Kf6 68. Ne3 Kf7 69. Rc2 Rd6 70. Rc3 Kf6 71. Rc7 Bh3 72. Rc6 Ke6 73. Rc1 Kf6 74. Rcd1 Ke6 75. Rh1 Bf5 76. Re1 Kf6 77. Red1 Ke6 78. Rc1 Kf6 79. Rc7 Ke6 80. Kc3 Kf6 81. Kd2 Ke6 82. Ke2 Kf6 83. Kd2 Ke6 84. Nd1 R8d7 85. Rc8 Rd8 86. Rc7 R8d7 87. Rc3 Kf6 88. Re3 Re7 89. Rc3 Red7 90. Ne3 Ke6 91. Rc1 Rd8 92. Rc6 R8d7 93. Rc8 Be4 94. Re8+ Kf7 95. Re5 Kf6 96. g4 Bf3 97. gxh5 gxh5 98. Rg5 Rd8 99. Ke1 Ke6 100. Kf2 Be4 101. Re5+ Kf6 102. Rxh5 Ke6 103. Re5+ Kf7 104. Rg5 Ke6 105. Re5+ Kf7 106. Kg3 Rg8+ 107. Rg5 Rgd8 108. Kg4 Kf6 109. h5 R6d7 110. h6 Rd6 111. h7 Bxh7 112. Rgxd5 Ke6 113. Re5+ Kf7 114. Rxd6 Rxd6 115. f5 Kf6 116. Re4 Bg8 117. Kf4 Rd3 118. Ng4+ Kg7 119. Re7+ Kf8 120. Rb7 Bc4 121. Rxb6 Rxa3 122. Ne5 Bd5 123. Rd6 Ra4+ 124. Kg5 Bb3 125. Kf6 Ke8 126. Nc6 1-0

[Event "33rd Croatian Junior League 2024"]
[Site "Novalja"]
[Date "2024.04.03"]
[Round "3.9"]
[White "Sundac, Ivano"]
[Black "Gal, Andrej"]
[Result "0-1"]
[ECO "B22"]
[WhiteElo "2066"]
[BlackElo "2274"]
[Annotator "RC"]
[PlyCount "82"]
[EventDate "2024.03.28"]
[EventType "team-tourn"]
[EventCountry "CRO"]
[SourceTitle "playchess.com"]
[Source "ChessBase"]
[SourceQuality "1"]
[TimeControl "5400+30"]

1. e4 c5 2. c3 Nf6 3. e5 Nd5 4. d4 cxd4 5. Nf3 Nc6 6. cxd4 d6 7. Bc4 e6 8. O-O Be7 9. Qe2 O-O 10. Nc3 Nxc3 11. bxc3 dxe5 12. Nxe5 Nxe5 13. Qxe5 Bd7 14. Bd3 Bc6 15. Bb2 Bf6 16. Qe2 Qd5 17. f3 Rac8 18. Rfd1 Rfd8 19. Be4 Qd7 20. Bxc6 Qxc6 21. Qe4 Qa6 22. g3 h5 23. Kg2 Rd5 24. Rd2 b5 25. Qe2 Qc6 26. Rad1 Rcd8 27. Ba1 h4 28. Qe4 g6 29. Bb2 Kg7 30. Rc2 Qa6 31. Re1 hxg3 32. hxg3 Rh8 33. g4 Rh4 34. Bc1 b4 35. Be3 bxc3 36. Bf2 Rh8 37. Rxc3 Qxa2 38. Rc2 Qa5 39. Rc5 Qd2 40. Rxd5 exd5 41. Re2 Qh6 0-1

[Event "33rd Croatian Junior League 2024"]
[Site "Novalja"]
[Date "2024.04.03"]
[Round "3.10"]
[White "Franc, Borna"]
[Black "Tomljanovic, Ivano"]
[Result "1-0"]
[ECO "B13"]
[WhiteElo "2221"]
[BlackElo "2013"]
[Annotator "RC"]
[PlyCount "59"]
[EventDate "2024.03.28"]
[EventType "team-tourn"]
[EventCountry "CRO"]
[SourceTitle "playchess.com"]
[Source "ChessBase"]
[SourceQuality "1"]
[TimeControl "5400+30"]

1. e4 c6 2. d4 d5 3. exd5 cxd5 4. Nf3 Nc6 5. Bd3 Nf6 6. Bf4 Qb6 7. b3 Nb4 8. O-O Nxd3 9. Qxd3 e6 10. c4 Be7 11. Nc3 O-O 12. Rfe1 Bb4 13. Nd2 Qa5 14. Rac1 Bd7 15. h3 Bc6 16. c5 Rac8 17. Bd6 Rfe8 18. Re3 b6 19. Rg3 Nd7 20. Qe3 bxc5 21. Qh6 g6 22. Nf3 f6 23. Nh4 g5 24. f4 Bxc3 25. Rcxc3 Qxc3 26. Rxc3 gxh4 27. Bxc5 a6 28. Qxh4 Bb5 29. b4 Nxc5 30. Rg3+ 1-0

[Event "33rd Croatian Junior League 2024"]
[Site "Novalja"]
[Date "2024.04.03"]
[Round "3.11"]
[White "Ivancic, Ivan"]
[Black "Marfat, Ivan"]
[Result "1/2-1/2"]
[ECO "C80"]
[WhiteElo "1995"]
[BlackElo "1903"]
[Annotator "NA RC"]
[PlyCount "47"]
[EventDate "2024.03.28"]
[EventType "team-tourn"]
[EventCountry "CRO"]
[SourceTitle "playchess.com"]
[Source "ChessBase"]
[SourceQuality "1"]
[TimeControl "5400+30"]

1. e4 e5 2. Nf3 Nc6 3. Bb5 Nf6 4. O-O Nxe4 5. d4 a6 6. Ba4 b5 7. Bb3 d5 8. dxe5 Be6 9. Nbd2 Nc5 10. c3 d4 11. Bxe6 Nxe6 12. cxd4 Ncxd4 13. a4 Bb4 14. axb5 Nxb5 15. Qa4 c5 16. Ne4 O-O 17. Rd1 $1 Qb6 $11 18. Nd6 Rfd8 19. Nc4 Rxd1+ 20. Qxd1 Rd8 21. Qa4 Qb7 22. Be3 Rd5 23. h3 Nec7 24. Rd1 1/2-1/2

[Event "33rd Croatian Junior League 2024"]
[Site "Novalja"]
[Date "2024.04.03"]
[Round "3.12"]
[White "Mesic, Josip"]
[Black "Hajdinic, Ema"]
[Result "0-1"]
[ECO "E06"]
[WhiteElo "1745"]
[BlackElo "1884"]
[Annotator "NA RC"]
[PlyCount "138"]
[EventDate "2024.03.28"]
[EventType "team-tourn"]
[EventCountry "CRO"]
[SourceTitle "playchess.com"]
[Source "ChessBase"]
[SourceQuality "1"]
[TimeControl "5400+30"]

1. d4 Nf6 2. c4 e6 3. g3 Be7 4. Bg2 d5 5. Nc3 O-O 6. Nf3 dxc4 7. Qa4 a6 8. Qxc4 b5 9. Qd3 Bb7 10. Bg5 Nbd7 11. Bxf6 Bxf6 12. Ng5 Bxg5 13. Bxb7 Ra7 14. Bc6 Nb8 15. Be4 f5 16. Bg2 c5 17. dxc5 Rd7 18. Qc2 Bd2+ 19. Kf1 Qc7 20. b4 Qe5 21. Qb3 Bxc3 22. Rc1 Bd2 23. Rc2 Bxb4 24. Bf3 Rd1+ 25. Kg2 Rxh1 26. Kxh1 Bxc5 27. Kg2 Nd7 28. a4 bxa4 29. Qb7 Nf6 30. Qxa6 Ng4 31. Qxa4 Qd4 32. Qxd4 Bxd4 33. e3 Bf6 34. Rc6 Kf7 35. Rc7+ Be7 36. h3 Nf6 37. g4 Rd8 38. gxf5 exf5 39. Kg3 Ke6 40. Ra7 Bd6+ 41. Kg2 Rd7 42. Ra6 Ne4 43. Be2 Rc7 44. f3 Rc2 45. fxe4 Rxe2+ 46. Kf3 Rd2 47. exf5+ Kxf5 48. Ra7 Be5 49. e4+ Ke6 50. Ra6+ Rd6 51. Ra3 h5 52. Rb3 Rc6 53. Rb7 Rc3+ 54. Kf2 Rxh3 55. Rb6+ Kf7 56. Rb7+ Kf6 57. Rb6+ Kg5 58. Rb5 Kf4 59. Kg2 Re3 60. Ra5 g5 61. Ra8 Rxe4 62. Rf8+ Kg4 63. Rg8 Bf4 64. Rh8 Re2+ 65. Kf1 Rd2 66. Ra8 Kf3 67. Ra1 h4 68. Kg1 g4 69. Ra3+ Be3+ 0-1

[Event "33rd Croatian Junior League 2024"]
[Site "Novalja"]
[Date "2024.04.04"]
[Round "4.1"]
[White "Grgantov, Marin"]
[Black "Novosel, Lovro"]
[Result "0-1"]
[ECO "B12"]
[WhiteElo "2142"]
[BlackElo "2348"]
[Annotator "RC"]
[PlyCount "138"]
[EventDate "2024.03.28"]
[EventType "team-tourn"]
[EventCountry "CRO"]
[SourceTitle "playchess.com"]
[Source "ChessBase"]
[SourceQuality "1"]
[TimeControl "5400+30"]

1. e4 c6 2. d4 d5 3. e5 Bf5 4. h4 h5 5. Bd3 Bxd3 6. Qxd3 e6 7. Nf3 Be7 8. c4 Nh6 9. Nc3 Nf5 10. g3 dxc4 11. Qxc4 Nd7 12. O-O Nb6 13. Qd3 Nd5 14. Ne4 Nb4 15. Qc3 Qd5 16. a3 Qxe4 17. axb4 a6 18. Re1 Qd5 19. Ra5 Qd7 20. Re4 Bd8 21. Ra1 Qd5 22. Rf4 Bb6 23. Be3 O-O-O 24. Rc1 Rd7 25. Rd1 Bd8 26. Rd3 Be7 27. Bd2 Qb5 28. Ng5 Bxg5 29. hxg5 g6 30. Be3 Ne7 31. Rf3 Nd5 32. Qb3 Qxb4 33. Qxb4 Nxb4 34. Rb3 Nd5 35. Bd2 b6 36. Ra3 Kb7 37. Kf1 Nc7 38. Rf4 Nb5 39. Raf3 Rh7 40. Be3 Nc7 41. Rh4 Rg7 42. b3 Nd5 43. Bc1 Ne7 44. Bb2 Nf5 45. Re4 Rg8 46. Rff4 Rd5 47. Ke1 Rgd8 48. f3 c5 49. g4 hxg4 50. fxg4 Nxd4 51. Bxd4 Rxd4 52. Rxd4 Rxd4 53. Rxf7+ Kc6 54. Rg7 Kd5 55. Rxg6 Kxe5 56. Rg8 Rxg4 57. Kd2 Kf5 58. Kc3 Rxg5 59. Rb8 b5 60. Rb6 Rg3+ 61. Kb2 Ke5 62. Rxa6 Kd5 63. Kc2 e5 64. Ra8 Rg2+ 65. Kc1 Kd4 66. Rc8 e4 67. b4 c4 68. Rb8 Kc3 69. Rxb5 Rg1# 0-1